 Dungeon Crawl Stone Soup version 0.30-a0-867-g305f33218d (webtiles) character file.

Game seed: 17067744366015355454

14947 treertat the Spear-Bearer (level 11, -2/108 HPs)
             Began as a Minotaur Monk on Mar 10, 2023.
             Was the Champion of Makhleb.
             Slain by a catoblepas (6 damage)
             ... while petrified by a catoblepas
             ... on level 2 of the Lair of Beasts.
             The game lasted 00:30:32 (11033 turns).

treertat the Spear-Bearer (Minotaur Monk)          Turns: 11033, Time: 00:30:32

Health: -2/108     AC:  6    Str: 16    XL:     11   Next: 95%
Magic:  18/18      EV:  2    Int:  7    God:    Makhleb [******]
Gold:   562        SH:  0    Dex: 17    Spells: 10/10 levels left

rFire   + . .      SeeInvis .    i - +1 trident
rCold   . . .      Faith    .    (no shield)
rNeg    + + +      Spirit   .    H - +0 troll leather armour
rPois   ∞          Reflect  .    u - +1 hat
rElec   .          Rampage  .    (no cloak)
rCorr   .                        C - +0 pair of gloves
Will    .....                    (no boots)
Stlth   ++                       (no amulet)
HPRegen 1.18/turn                l - ring of protection from fire
MPRegen 0.16/turn                (no ring)

@: petrified
A: horns 2, retaliatory headbutt
a: Renounce Religion, Minor Destruction, Lesser Servant of Makhleb, Major
Destruction, Greater Servant of Makhleb


You were on level 2 of the Lair of Beasts.
You worshipped Makhleb.
Makhleb was exalted by your worship.
You visited 2 branches of the dungeon, and saw 12 of its levels.

You collected 562 gold pieces.

Inventory:

Hand Weapons
 i - a +1 trident (weapon)
 q - a +0 halberd
Missiles
 j - 41 poisoned darts (quivered)
 J - 2 throwing nets
Armour
 n - the +1 Delatra's gloves {ID++}
   (You found it on level 2 of the Dungeon)

   ID++:      It heals its wearer when they drink unknown potions, and restores
   their MP when they read unknown scrolls.
 u - a +1 hat (worn)
 w - a +2 animal skin
 C - a +0 pair of gloves (worn)
 H - a +0 troll leather armour (worn)
 I - a +0 kite shield
 N - a +0 scale mail of willpower
Jewellery
 l - a ring of protection from fire (left hand)
 s - an amulet of regeneration
 K - a ring of positive energy
 L - a +5 ring of evasion
 P - a ring of poison resistance
Wands
 g - a wand of acid (12)
 k - a wand of paralysis (7)
 v - a wand of flame (34)
 x - a wand of mindburst (32)
 B - a wand of iceblast (2)
Scrolls
 b - 4 scrolls of torment {unknown}
 d - 4 scrolls of immolation
 e - 2 scrolls of enchant armour
 m - 8 scrolls of identify
 p - 7 scrolls of enchant weapon
 y - a scroll of magic mapping {unknown}
 A - 3 scrolls of blinking
 F - 2 scrolls of teleportation
 G - 2 scrolls of fog {unknown}
Potions
 a - a potion of might
 c - 2 potions of ambrosia
 f - 2 potions of brilliance
 h - 2 potions of heal wounds
 o - 7 potions of curing
 r - a potion of lignification
 t - 4 potions of mutation
 z - a potion of degeneration {unknown}
 D - a potion of invisibility {unknown}
 E - 4 potions of attraction {unknown}
 M - a potion of flight {unknown}
 O - 2 potions of resistance {unknown}


   Skills:
 + Level 13.7 Fighting
 - Level 14.0 Polearms
 + Level 1.8 Armour
 + Level 3.8 Dodging
 - Level 1.5 Stealth
 - Level 11.0 Invocations


You had 10 spell levels left.
You didn't know any spells.
Your spell library contained the following spells:

 Spells                   Type           Power      Damage    Failure   Level
 Kiss of Death            Conj/Necr      0%         2d5       50%         1
 Magic Dart               Conj           0%         1d3       50%         1
 Call Imp                 Summ           0%         N/A       65%         2
 Confusing Touch          Hex            0%         N/A       86%         3
 Frozen Ramparts          Ice            0%         1d1       86%         3
 Mephitic Cloud           Conj/Pois/Air  0%         N/A       86%         3
 Ozocubu's Armour         Ice            0%         N/A       86%         3
 Airstrike                Air            0%         2d(0-16)  99%         4
 Dispel Undead            Necr           0%         3d6       99%         4
 Ice Form                 Ice/Tmut       0%         N/A       99%         4
 Passage of Golubria      Tloc           0%         N/A       99%         4
 Summon Ice Beast         Ice/Summ       0%         N/A       99%         4
 Summon Lightning Spire   Summ/Air       0%         N/A       99%         4
 Blade Hands              Tmut           0%         N/A       100%        5
 Irradiate                Conj/Tmut      0%         3d11      100%        5
 Lightning Bolt           Conj/Air       0%         1d11      100%        5
 Silence                  Hex/Air        0%         N/A       100%        5
 Dragon Form              Tmut           0%         N/A       100%        7
 Ozocubu's Refrigeration  Ice            0%         4d7       100%        7
 Lehudib's Crystal Spear  Conj/Erth      0%         10d2      100%        8


Dungeon Overview and Level Annotations

Branches:
Dungeon (10/15)            Temple (0/1) D:6            Lair (2/5) D:8
 Shoals (0/4) Lair:2          Orc (0/2) D:10
  Snake: Lair:2-3    Spider: Lair:2-3

Altars:
Hepliaklqana
Makhleb
Qazlal
Ru
Sif Muna
Trog
Vehumet
Xom
The Shining One


Innate Abilities, Weirdness & Mutations

You have a pair of horns on your head.
You reflexively headbutt those who attack you in melee.


Message History

You hit the catoblepas but do no damage.
The catoblepas is almost dead.
The catoblepas gores you!!
You hit the catoblepas but do no damage.
The catoblepas is almost dead.
The catoblepas closely misses you.
You hit the catoblepas but do no damage.
The catoblepas is almost dead.
You hit the catoblepas but do no damage.
Your headbutt misses the catoblepas.
The catoblepas is almost dead.
The catoblepas gores you!
* * * LOW HITPOINT WARNING * * *
You hit the catoblepas but do no damage.
The catoblepas is almost dead.
You puncture the catoblepas!
The catoblepas is almost dead.
The catoblepas is no longer covered in acid.
The catoblepas gores you.
* * * LOW HITPOINT WARNING * * *
You hit the catoblepas but do no damage.
The catoblepas is almost dead.
The catoblepas breathes a plume of calcifying dust at you.
The blast of calcifying dust hits you.
* * * LOW HITPOINT WARNING * * *
You hit the catoblepas but do no damage.
You headbutt the catoblepas, but do no damage.
The catoblepas is almost dead.
You are engulfed in calcifying dust.
You are slowing down.
You hit the catoblepas.
The catoblepas is almost dead.
You are engulfed in calcifying dust.
Your limbs have turned to stone.
The catoblepas gores you!!
* * * LOW HITPOINT WARNING * * *
You have turned to stone.
You are engulfed in calcifying dust.
The catoblepas gores you.
* * * LOW HITPOINT WARNING * * *
You are engulfed in calcifying dust.
The catoblepas gores you!
You die...

# ..## #.
....##..... ##.
...........
##P.######
...#P......
#.....?PP###.#
##.....
#.....(....###P.....
#.Y@§§.......#......
#.............#.....
#.##..####..........
#. ######...####...#
. ###.....# #..## ##
#......## #..#
#..#...####..#
#.~.~~..~##..#
#..~~~~~~##..##


You could see a catoblepas.

Vanquished Creatures
  2 centaur warriors (D:10)
  A boulder beetle (D:10)
  A harpy (Lair:2)
  A black mamba (Lair:1)
  2 cane toads (Lair:1)
  A gargoyle (D:8)
  4 komodo dragons
  2 rime drakes (Lair:2)
  2 trolls
  Prince Ribbit (D:6)
  A shadow (D:10)
  A spriggan (shapeshifter) (D:10)
  2 wraiths
  10 yaks
  A wyvern (D:8)
  4 steam dragons (D:8)
  4 basilisks
  4 wargs
  Grum (D:9)
  6 water moccasins
  6 orc warriors
  An ice beast (D:5)
  3 black bears
  4 wolves (D:9)
  3 ogres
  5 centaurs
  4 kobold brigands
  9 bullfrogs
  A scorpion (D:7)
  A gnoll sergeant (D:8)
  4 wights (D:6)
  12 killer bees
  3 howler monkeys
  3 hounds
  3 jellies
  5 orc priests
  A sleepcap (D:7)
  3 iguanas
  10 orc wizards
  Robin (D:3)
  7 adders
  15 gnolls
  2 shadow imps
  A white imp (D:7)
  An ufetubus (D:5)
  A worm (D:2)
  3 dart slugs
  30 orcs
  7 endoplasms
  3 giant cockroaches
  12 goblins
  5 hobgoblins
  4 jackals (D:3)
  3 quokkas
  6 ball pythons
  7 bats
  7 frilled lizards
  33 kobolds
  2 rats (D:2)
282 creatures vanquished.

Vanquished Creatures (collateral kills)
  A yak (D:10)
  2 killer bees (D:10)
3 creatures vanquished.

Vanquished Creatures (others)
  3 fungi
  3 plants (Lair:2)
6 creatures vanquished.

Grand Total: 291 creatures vanquished

Notes
Turn   | Place    | Note
-------+----------+-------------------------------------------
     0 | D:1      | treertat the Minotaur Monk began the quest for the Orb.
     0 | D:1      | Reached XP level 1. HP: 19/19 MP: 0/0
    68 | D:1      | You fall into a shaft and drop 1 floor!
   140 | D:1      | Reached skill level 4 in Polearms
   287 | D:1      | Reached XP level 2. HP: 26/26 MP: 1/1
   962 | D:2      | Reached skill level 5 in Polearms
   962 | D:2      | Reached XP level 3. HP: 28/31 MP: 2/2
   976 | D:2      | Found a faded altar of an unknown god.
   993 | D:2      | Prayed at the altar of an unknown god.
   993 | D:2      | Became a worshipper of Makhleb the Destroyer
   993 | D:2      | Reached * piety under Makhleb
   993 | D:2      | Reached ** piety under Makhleb
  1164 | D:2      | Found the +1 Delatra's gloves {ID++}
  1460 | D:2      | Reached *** piety under Makhleb
  1745 | D:2      | Reached XP level 4. HP: 32/39 MP: 3/3
  1747 | D:2      | Reached skill level 6 in Polearms
  1980 | D:3      | Noticed Robin
  1990 | D:3      | Killed Robin
  2227 | D:3      | Reached XP level 5. HP: 45/45 MP: 4/4
  2327 | D:3      | Reached skill level 7 in Polearms
  2667 | D:4      | Reached **** piety under Makhleb
  2668 | D:4      | Reached skill level 8 in Polearms
  2728 | D:4      | Noticed an ogre
  2734 | D:4      | Killed an ogre
  2735 | D:4      | Reached XP level 6. HP: 51/51 MP: 5/5
  2832 | D:4      | Reached skill level 9 in Polearms
  2869 | D:4      | Noticed an orc warrior
  2875 | D:4      | Killed an orc warrior
  2876 | D:4      | Reached XP level 7. HP: 55/57 MP: 6/6
  3480 | D:5      | Entered Level 5 of the Dungeon
  3487 | D:5      | Reached skill level 10 in Polearms
  3903 | D:5      | Reached skill level 11 in Polearms
  4107 | D:5      | Found a radiant altar of Vehumet.
  4122 | D:5      | Reached XP level 8. HP: 35/64 MP: 7/7
  4217 | D:5      | Reached skill level 12 in Polearms
  4322 | D:5      | Reached ***** piety under Makhleb
  4585 | D:6      | Noticed Prince Ribbit
  4589 | D:6      | Killed Prince Ribbit
  4678 | D:6      | Reached skill level 13 in Polearms
  5028 | D:6      | Found a staircase to the Ecumenical Temple.
  5213 | D:6      | Found a stormy altar of Qazlal.
  5244 | D:6      | Reached skill level 14 in Polearms
  5382 | D:6      | Reached skill level 1 in Invocations
  5382 | D:6      | Reached XP level 9. HP: 43/70 MP: 8/8
  5586 | D:6      | Found a shimmering blue altar of Sif Muna.
  5987 | D:7      | Reached skill level 5 in Fighting
  7056 | D:8      | Found a hazy altar of Hepliaklqana.
  7057 | D:8      | Found a shimmering altar of Xom.
  7058 | D:8      | Noticed a spectral ugly thing
  7141 | D:8      | Noticed a troll
  7151 | D:8      | Killed a troll
  7152 | D:8      | Reached skill level 5 in Invocations
  7387 | D:8      | Noticed a gargoyle
  7394 | D:8      | Killed a gargoyle
  7395 | D:8      | Reached XP level 10. HP: 68/89 MP: 13/13
  7570 | D:8      | Found a staircase to the Lair.
  7856 | Lair:1   | Entered Level 1 of the Lair of Beasts
  7856 | Lair:1   | Noticed a black mamba
  8242 | D:9      | Reached skill level 10 in Fighting
  8302 | D:9      | Noticed Grum
  8314 | D:9      | Killed Grum
  8745 | D:10     | Entered Level 10 of the Dungeon
  8839 | D:10     | Reached ****** piety under Makhleb
  8879 | D:10     | Reached XP level 11. HP: 97/102 MP: 16/16
  9021 | D:10     | Found a staircase to the Orcish Mines.
  9408 | D:10     | Found a glowing golden altar of the Shining One.
  9408 | D:10     | Found a bloodstained altar of Trog.
  9409 | D:10     | Found a sacrificial altar of Ru.
  9453 | D:10     | Noticed a centaur warrior
  9469 | D:10     | Killed a centaur warrior
  9509 | D:10     | Noticed a centaur warrior
  9509 | D:10     | Noticed a boulder beetle
  9527 | D:10     | Killed a centaur warrior
  9538 | D:10     | Killed a boulder beetle
  9539 | D:10     | Reached skill level 10 in Invocations
  9700 | D:8      | HP: 5/105 [poisoned by a black mamba]
 10854 | Lair:2   | Reached skill level 1 in Armour
 10983 | Lair:2   | Found a staircase to the Shoals.
 10983 | Lair:2   | Noticed a harpy
 10986 | Lair:2   | Killed a harpy
 11009 | Lair:2   | Noticed a catoblepas
 11031 | Lair:2   | HP: 4/108 [catoblepas (22)]
 11033 | Lair:2   | Slain by a catoblepas

Illustrated notes

Levels and vault maps discovered:
D:1:      dpeg_arrival_shelter, layout_basic
D:2:      layout_loops_cross, ebering_ecumenical_altar_rust
D:3:      layout_loops_ring, kennysheep_another_room, uniq_robin
D:4:      layout_loops_ring
D:5:      layout_basic, vehumet_crystals
D:6:      layout_basic, overflow_temple_1_default,
          nicolae_sif_muna_condensation, lemuel_temple_firewalk_b,
          uniq_prince_ribbit1
D:7:      layout_cave_pods
D:8:      nicolae_cairo_tiling, layout_rooms, regret_index_temple_of_mockery,
          erik_lair_orcish_takeover
D:9:      layout_irregular_city, abandoned_shop, uniq_grum
D:10:     minmay_sliced_demisemicircle, layout_cave_pools,
          gammafunk_temple_overflow_claw, david_orc_1_choice
Lair:1:   layout_hall_layers
Lair:2:   layout_small_grid, nicolae_shoals_entry_roost, st_stairs_13,
          grunt_megastairs_4

Skill      XL: |  1  2  3  4  5  6  7  8  9 10 11 |
---------------+----------------------------------+-----
Polearms       | 4 5 6 8 9 11 14 | 14.0
Fighting       | 4 8 11 13 | 13.7
Invocations    | 1 6 8 11 | 11.0
Armour         | 1 |  1.8
Dodging        | |  3.8
Stealth        | |  1.5

Action                     |  1- 3 |  4- 6 |  7- 9 | 10-12 || total
---------------------------+-------+-------+-------+-------++-------
  Melee: Spear             |    59 |       |       |       ||    59
         Headbutt          |    13 |    17 |    60 |   105 ||   195
         Punch             |     1 |       |     7 |     9 ||    17
         Trident           |    35 |   120 |   334 |   478 ||   967
 Invoke: Lesser Servant of |       |       |       |     4 ||     4
         Minor Destruction |       |       |       |    10 ||    10
  Evoke: Wand              |       |     6 |    15 |    11 ||    32
    Use: Scroll            |       |     5 |     7 |       ||    12
         Potion            |       |       |     1 |     4 ||     5
   Stab: Sleeping          |     8 |     3 |       |     1 ||    12
 Armour: Robe              |     3 |     8 |       |       ||    11
         Animal skin       |       |    10 |       |       ||    10
         Chain mail        |       |       |   122 |       ||   122
         Troll leather arm |       |       |       |    70 ||    70
  Dodge: Dodged            |    42 |    55 |    90 |   203 ||   390

Table legend: (Time is in decaauts)
 A = Elapsed time spent in this place.
 B = Non-inter-level travel time spent in this place.
 C = Inter-level travel time spent in this place.
 D = Time resting spent in this place.
 E = Time spent auto-exploring this place.
 F = Levels seen in this place.
 G = Mean time per level.
                   A        B        C        D        E       F      G
               +--------+--------+--------+--------+--------+-----+--------+
         Total |  10720 |  10276 |    444 |   1654 |   6463 |  12 |  893.3 |
       Dungeon |   9623 |   9185 |    438 |   1454 |   5851 |  10 |  962.3 |
          Lair |   1096 |   1090 |      6 |    200 |    612 |   2 |  548.0 |
               +--------+--------+--------+--------+--------+-----+--------+

Top non-repeatable levels by time:
     D:7: 1165 daAuts
     D:6: 1121 daAuts
     D:8: 1110 daAuts
     D:5: 1054 daAuts
     D:4: 1021 daAuts
     D:1: 933 daAuts
    D:10: 821 daAuts
     D:2: 813 daAuts
     D:3: 796 daAuts
     D:9: 783 daAuts
  Lair:1: 692 daAuts
  Lair:2: 404 daAuts
